 Dungeon Crawl Stone Soup version 0.28.0-53-g5a82cb258f (webtiles) character file.

Game seed: 6787488469797514652

88 ILmort the Chopper (level 4, -6/61 HPs)
             Began as a Hill Orc Monk on Aug 20, 2022.
             Mangled by Sigmund
             ... wielding a +2 scythe of protection
              (10 damage)
             ... on level 2 of the Dungeon.
             The game lasted 00:04:22 (2668 turns).

ILmort the Chopper (Hill Orc Monk)                  Turns: 2668, Time: 00:04:23

Health: -6/61      AC: 22    Str: 15    XL:     4   Next: 54%
Magic:  4/4        EV:  2    Int: 10    God:
Gold:   72         SH:  0    Dex: 13    Spells: 3/3 levels left

rFire   . . .      SeeInvis .   a - +0 hand axe
rCold   . . .      Faith    .   (no shield)
rNeg    + . .      Spirit   .   (armour currently unavailable)
rPois   +          Reflect  .   (helmet currently unavailable)
rElec   .          Harm     .   (cloak currently unavailable)
rCorr   .          Rampage  .   (gloves currently unavailable)
Will    .....      NoTele   +   (boots currently unavailable)
Stlth   ++........              (no amulet)
HPRegen 0.20/turn               d - ring of positive energy
MPRegen 0.09/turn               (no ring)

@: tree-form, weak-willed
A: stationary, stasis, torment immunity, boosted hp
a: no special abilities


You were on level 2 of the Dungeon.
You were a tree.
You visited 1 branch of the dungeon, and saw 2 of its levels.

You collected 72 gold pieces.

Inventory:

Hand Weapons
 a - a +0 hand axe (weapon)
Armour
 b - a +0 robe
 g - a +0 leather armour
 j - a +0 scale mail (melded)
Jewellery
 d - a ring of positive energy (left branch)
Potions
 h - a potion of lignification
 i - a potion of degeneration {unknown}


   Skills:
 + Level 4.6 Fighting
 * Level 6.1 Axes
 - Level 2.4 Dodging
 - Level 1.5 Stealth


You had 3 spell levels left.
You didn't know any spells.
Your spell library was empty.

Dungeon Overview and Level Annotations

Branches:
Dungeon (2/15)

Altars:

Shops:
D:1 [

Annotations:
D:1 exclusion: downstairs
D:2 1 exclusion, Sigmund


Message History

Magic quickly surges around you.
It was a scroll of vulnerability.
Something hits you.
* * * LOW HITPOINT WARNING * * *
It was a potion of curing.
You feel better.
It was a potion of lignification.
You turn into a tree.
Your +0 scale mail melds into your body.
Your roots penetrate the ground.
Something hits you but does no damage.
You cannot move.
You cannot move.
You cannot move.
You cannot move.
You cannot move.
You cannot move.
You cannot move.
You cannot move.
You cannot move.
You cannot move.
You cannot move.
You cannot move.
You cannot move.
You cannot move.
You cannot move.
There is a strange disturbance nearby!
Something hits you.
* * * LOW HITPOINT WARNING * * *
Something hits you but does no damage.
You cannot move.
You cannot move.
Something hits you.
* * * LOW HITPOINT WARNING * * *
You cannot move.
You cannot move.
Something hits you but does no damage.
You cannot move.
Something hits you!
* * * LOW HITPOINT WARNING * * *
You cannot move.
You cannot move.
Something hits you!
You die...

#.# ##.####
#..... #....#
#....#######
###....#......
#§§§<.§...#
#.§§§§....##
#..§♣§.....#####
####{..........#
#§§.###.#.#.#
#....#.##.#.#
##.##.###÷#.##
#.#####.....#####
#.......@....÷...
#.#####......####
..$.........#.# #


There were no monsters in sight!

Vanquished Creatures
  4 adders (D:2)
  2 dart slugs (D:2)
  2 endoplasms (D:1)
  2 giant cockroaches (D:1)
  3 goblins (D:1)
  7 hobgoblins
  9 jackals
  A quokka (D:1)
  3 ball pythons (D:1)
  3 bats (D:1)
  2 frilled lizards
  3 kobolds (D:1)
  6 rats
47 creatures vanquished.

Vanquished Creatures (others)
  2 plants (D:2)
2 creatures vanquished.

Grand Total: 49 creatures vanquished

Notes
Turn   | Place    | Note
-------+----------+-------------------------------------------
     0 | D:1      | ILmort the Hill Orc Monk began the quest for the Orb.
     0 | D:1      | Reached XP level 1. HP: 19/19 MP: 1/1
   232 | D:1      | Reached XP level 2. HP: 27/27 MP: 2/2
   330 | D:1      | Found Silot's Antique Armour Shoppe.
   900 | D:1      | Reached skill level 5 in Axes
   985 | D:1      | Reached XP level 3. HP: 33/33 MP: 3/3
  1248 | D:1      | Found a faded altar of an unknown god.
  1563 | D:2      | Noticed Sigmund
  1863 | D:2      | Reached XP level 4. HP: 25/41 MP: 4/4
  2286 | D:2      | Reached skill level 6 in Axes
  2657 | D:2      | HP: 1/41 [something (4)]
  2668 | D:2      | Mangled by Sigmund

Illustrated notes

Levels and vault maps discovered:
D:1:      minmay_arrival_three_doors, layout_loops_ring, serial_shops, shop,
          hellmonk_ecumenical_altar_inner_sanctum, minmay_crystal_room
D:2:      layout_loops_ring, basic_altar, hangedman_decor_opposing,
          serial_bayou_pond_a, uniq_sigmund

Skill      XL: |  1  2  3  4 |
---------------+-------------+-----
Fighting       | 4 |  4.6
Axes           | 5 6 |  6.1
Dodging        | |  2.4
Stealth        | |  1.5

Action                   |  1- 3 |  4- 6 || total
-------------------------+-------+-------++-------
Melee: Hand axe          |   139 |    50 ||   189
       Punch             |     2 |     1 ||     3
  Use: Scroll            |       |     3 ||     3
       Potion            |       |     2 ||     2
 Stab: Sleeping          |     3 |       ||     3
Armor: Robe              |    11 |       ||    11
       Leather armour    |    11 |       ||    11
       Scale mail        |    15 |    12 ||    27
       Skin              |       |     3 ||     3
Dodge: Dodged            |   103 |    21 ||   124
